 Dungeon Crawl Stone Soup version 0.26.1-11-gd32895ea62 (webtiles) character file.

Game seed: 4149204947206821571

135 vvl the Skirmisher (level 5, 0/52 (55) HPs)
             Began as an Ogre Fighter on June 18, 2021.
             Slain by a wight
             ... wielding a +4 great sword
              (18 damage)
             ... on level 2 of the Dungeon.
             The game lasted 00:02:49 (1510 turns).

vvl the Skirmisher (Ogre Fighter)                   Turns: 1510, Time: 00:02:50

HP:   0/52 (55)     AC:  3    Str: 21    XL:     5   Next: 18%
MP:   5/5           EV:  8    Int:  9    God:
Gold: 47            SH:  8    Dex:  8    Spells: 4/4 levels left

rFire    . . .     SeeInvis .   a - +0 war axe
rCold    . . .     Faith    .   c - +0 kite shield
rNeg     . . .     Spirit   .   i - +0 robe (curse)
rPois    .         Reflect  .   (helmet restricted)
rElec    .         Harm     .   (no cloak)
rCorr    .         Rampage  .   (gloves unavailable)
Will     .....                  (boots unavailable)
Stlth    +.........             (no amulet)
HPRegen  0.17/turn              (no ring)
MPRegen  0.09/turn              (no ring)

@: drained
A: large, unfitting armour, tough skin 1
a: no special abilities


You were on level 2 of the Dungeon.
You visited 1 branch of the dungeon, and saw 2 of its levels.

You collected 47 gold pieces.

Inventory:

Hand Weapons
 a - a +0 war axe (weapon)
Armour
 c - a +0 kite shield (worn)
 i - a cursed +0 robe (worn)
Scrolls
 b - 3 scrolls of enchant weapon {unknown}
 e - a scroll of identify {unknown}
 g - 2 scrolls of remove curse {unknown}
Potions
 d - a potion of might
 f - 4 potions of brilliance {unknown}
 h - a potion of curing {unknown}
 j - a potion of lignification {unknown}


   Skills:
 + Level 4.6 Fighting
 * Level 3.2 Axes
 + Level 1.4 Throwing
 + Level 1.1 Armour
 + Level 3.2 Dodging
 + Level 3.1 Shields


You had 4 spell levels left.
You didn't know any spells.
Your spell library was empty.

Dungeon Overview and Level Annotations

Branches:
Dungeon (2/15)

Altars:
Cheibriados
Qazlal
Xom
Yredelemnul
Zin
The Shining One


Innate Abilities, Weirdness & Mutations

You are too large for most types of armour.
You have tough skin. (AC +1)


Message History

A wight comes into view. It is wielding a +0 long sword.
Found two shimmering altars of Xom and a basalt altar of Yredelemnul.
A wight comes into view. It is wielding a +2 flail.
The altar is a mimic!
The altar mimic titters and vanishes in a puff of smoke!
The wight hits you with a +4 great sword!
You barely miss the wight.
The wight hits you with a +4 great sword!
You completely miss the wight.
Your shield prevents you from hitting the wight.
The wight hits you with a cursed +0 long sword!
You feel drained.
The wight hits you with a +4 great sword.
You feel drained.
* * * LOW HITPOINT WARNING * * *
There is an open door here.
There is a stone staircase leading up here.
You can't go down here!
The wight hits you with a +4 great sword!!
You die...

#.###..# #..##
...##.###...##
#.##..#.≈≈≈.#
#...(..≈≈≈≈≈# ##
#.###..≈≈.≈≈#
#...###.####.≈≈≈≈≈#
.._......# #..≈≈≈##
#...###..###..#_##
###### ##
#..@zzz.### #8.8..
#.######.# #._...
#.# #.######.....
..# #zz#8........
#### #..'.........
#..#8........
#)######.....
#)#..# #._...
#.##.###8.8..


You could see 3 wights.

Vanquished Creatures
  2 wights (D:2)
  3 oozes (D:1)
  3 dart slugs
  A leopard gecko (D:1)
  2 giant cockroaches
  2 goblins (D:1)
  6 hobgoblins
  7 jackals (D:2)
  2 bats (D:1)
  3 kobolds (D:1)
  2 rats (D:1)
33 creatures vanquished.

Notes
Turn   | Place    | Note
-------+----------+-------------------------------------------
     0 | D:1      | vvl the Ogre Fighter began the quest for the Orb.
     0 | D:1      | Reached XP level 1. HP: 24/24 MP: 1/1
   164 | D:1      | Reached XP level 2. HP: 24/32 MP: 2/2
   515 | D:1      | Reached XP level 3. HP: 37/39 MP: 3/3
  1103 | D:2      | Found a stormy altar of Qazlal.
  1109 | D:2      | Found a snail-covered altar of Cheibriados.
  1124 | D:2      | Found a hazy altar of Hepliaklqana.
  1126 | D:2      | Found a glowing silver altar of Zin.
  1126 | D:2      | Found a glowing golden altar of the Shining One.
  1139 | D:2      | Reached skill level 1 in Throwing
  1139 | D:2      | Reached XP level 4. HP: 22/49 MP: 4/4
  1144 | D:2      | Reached skill level 1 in Armour
  1144 | D:2      | Reached XP level 5. HP: 25/55 MP: 5/5
  1490 | D:2      | Found a shimmering altar of Xom.
  1490 | D:2      | Found a basalt altar of Yredelemnul.
  1490 | D:2      | Found a shimmering altar of Xom.
  1510 | D:2      | Slain by a wight

Illustrated notes

Levels and vault maps discovered:
D:1:      lemuel_arrival_tunnels, layout_loops_ring, kennysheep_minor_cross
D:2:      layout_basic, doesnt_xom_only_xom, nicolae_overflow_crystal_walls,
          chequers_ecumenical_altar_simple, st_stairs_4, kennysheep_slug_shrine,
          uniq_sigmund

Skill      XL: |  1  2  3  4 |
---------------+-------------+-----
Throwing       | 1 |  1.4
Dodging        | 3 |  3.2
Shields        | 3 |  3.1
Axes           | 3 |  3.2
Armour         | 1 |  1.1
Fighting       | |  4.6

Action                   |  1- 3 |  4- 6 || total
-------------------------+-------+-------++-------
Melee: War axe           |    66 |    29 ||    95
Armor: Robe              |    14 |     6 ||    20
Dodge: Dodged            |    30 |    11 ||    41
Block: Kite shield       |    23 |    12 ||    35
